 Dungeon Crawl Stone Soup version 0.29-a0-721-g7f417c9bbb (webtiles) character file.

Game seed: 4286996390634323555

19 DuloT34 the Shield-Bearer (level 2, -9/24 HPs)
             Began as a Formicid Fighter on June 28, 2022.
             Killed from afar by Sigmund (24 damage)
             ... with a bolt of light
             ... on level 2 of the Dungeon.
             The game lasted 00:01:27 (462 turns).

DuloT34 the Shield-Bearer (Formicid Fighter)         Turns: 462, Time: 00:01:28

Health: -9/24      AC:  6    Str: 20    XL:     2   Next: 95%
Magic:  2/2        EV:  9    Int:  7    God:
Gold:   57         SH:  0    Dex: 13    Spells: 1/1 levels left

rFire   . . .      SeeInvis +   a - +0 flail
rCold   . . .      Faith    .   c - +0 buckler
rNeg    . . .      Spirit   .   b - +0 scale mail
rPois   .          Reflect  .   (helmet unavailable)
rElec   .          Harm     .   (no cloak)
rCorr   .          Rampage  .   (no gloves)
Will    .....                   (no boots)
Stlth   ..........              (no amulet)
HPRegen 0.08/turn               (no ring)
MPRegen 0.08/turn               (no ring)

@: confused
A: permanent stasis, dig shafts and tunnels, antennae 3, four strong arms
a: Dig, Shaft Self


You were on level 2 of the Dungeon.
You visited 1 branch of the dungeon, and saw 2 of its levels.

You collected 57 gold pieces.

Inventory:

Hand Weapons
 a - a +0 flail (weapon)
Armour
 b - a +0 scale mail (worn)
 c - a +0 buckler (worn)
Scrolls
 g - a scroll of identify
 h - 2 scrolls of poison
 i - a scroll of magic mapping
Potions
 d - a potion of might
 e - a potion of heal wounds
 f - a potion of mutation {unknown}
 j - a potion of cancellation {unknown}


   Skills:
 + Level 3.5 Fighting
 + Level 2.3 Maces & Flails
 + Level 3.6 Armour
 + Level 4.3 Shields


You had one spell level left.
You didn't know any spells.
Your spell library was empty.

Dungeon Overview and Level Annotations

Branches:
Dungeon (2/15)

Altars:

Annotations:
D:2 Sigmund


Innate Abilities, Weirdness & Mutations

You cannot be hasted, slowed, berserked, paralysed or teleported.
You can dig through walls and to a lower floor.
You have a pair of large antennae on your head. (SInv)
Your four strong arms can wield two-handed weapons with a shield.


Message History

You block the ball python's attack. The ball python closely misses you.
You sock the ball python!
You kill the ball python!
No target in view!
No target in view!
No target in view!
Sigmund the Dreaded comes into view.
He is wielding a +0 scythe and carrying a wand of light (5).
Sigmund moves out of view.
No target in view!
No target in view!
Found a mace.
Sigmund hits you from afar with a +0 scythe.
You hit Sigmund.
Sigmund is moderately wounded.
Sigmund hits you with a +0 scythe.
You hit Sigmund.
Sigmund is heavily wounded.
Sigmund casts a spell at you.
You are confused.
Sigmund casts a spell at you. The puff of flame misses you.
You are too confused!
You are too confused!
You are too confused!
You are too confused!
You are too confused!
You are too confused!
You are too confused!
You are too confused!
You are too confused!
You are too confused!
You bump into the rock wall.
Sigmund hits you with a +0 scythe.
You sock Sigmund!
Sigmund is almost dead.
Sigmund hits you with a +0 scythe.
You closely miss Sigmund.
Sigmund is almost dead.
You're too confused to move!
Sigmund zaps a wand.
The bolt of light hits you!!
Ouch! That really hurt!
You die...

###..### #......#
##......#
#.......#
#..._...###. #.
#........# .##.##
#####........#
.....
#..#......#####.#
#.... #.....@#.#
#.####....
#....@...#
#....#....
#).......##
####.##...
.........#
#.##.<.
###.....##
##.##.†. #.....#
#....... .......
#....### #.......
#....# #....#


You could see Sigmund.

Vanquished Creatures
  2 dart slugs (D:1)
  4 ball pythons
  An endoplasm (D:1)
  2 goblins (D:1)
  A bat (D:1)
  A frilled lizard (D:2)
  2 kobolds (D:1)
  2 rats (D:1)
15 creatures vanquished.

Notes
Turn   | Place    | Note
-------+----------+-------------------------------------------
     0 | D:1      | DuloT34 the Formicid Fighter began the quest for the Orb.
     0 | D:1      | Reached XP level 1. HP: 18/18 MP: 1/1
   144 | D:1      | Reached XP level 2. HP: 24/24 MP: 2/2
   447 | D:2      | Found a faded altar of an unknown god.
   453 | D:2      | Noticed Sigmund
   462 | D:2      | Killed from afar by Sigmund

Illustrated notes

Levels and vault maps discovered:
D:1:      dpeg_arrival_tiny_j, layout_rooms
D:2:      layout_rooms, ebering_ecumenical_altar_sacrificial, uniq_sigmund

Action                   || total
-------------------------++-------
Melee: Flail             ||    44
  Use: Scroll            ||     3
Armor: Scale mail        ||    20
Dodge: Dodged            ||    26
Block: Buckler           ||    13

Table legend: (Time is in decaauts)
 A = Elapsed time spent in this place.
 B = Non-inter-level travel time spent in this place.
 C = Inter-level travel time spent in this place.
 D = Time resting spent in this place.
 E = Time spent auto-exploring this place.
 F = Levels seen in this place.
 G = Mean time per level.
                   A        B        C        D        E       F      G
               +--------+--------+--------+--------+--------+-----+--------+
         Total |    476 |    450 |     26 |     34 |    302 |   2 |  238.0 |
       Dungeon |    476 |    450 |     26 |     34 |    302 |   2 |  238.0 |
               +--------+--------+--------+--------+--------+-----+--------+

Top non-repeatable levels by time:
     D:1: 435 daAuts
     D:2: 40 daAuts
